 Dungeon Crawl Stone Soup version 0.29.1-2-gbd0b4ee654 (webtiles) character file.

Game seed: 8609377767233334048

22 GorkyZ the Trooper (level 2, -2/24 HPs)
             Began as a Demonspawn Fighter on Nov 19, 2022.
             Slain by Natasha (6 damage)
             ... on level 2 of the Dungeon.
             The game lasted 00:02:16 (726 turns).

GorkyZ the Trooper (Demonspawn Fighter)              Turns: 726, Time: 00:02:17

Health: -2/24      AC:  8    Str: 16    XL:     2   Next: 68%
Magic:  2/2        EV:  9    Int:  9    God:
Gold:   64         SH:  4    Dex: 12    Spells: 1/1 levels left

rFire   . . .      SeeInvis .   a - +0 long sword
rCold   . . .      Faith    .   c - +0 buckler
rNeg    . . .      Spirit   .   b - +0 scale mail
rPois   .          Reflect  .   (no helmet)
rElec   .          Harm     .   (no cloak)
rCorr   .          Rampage  .   (no gloves)
Will    .....                   i - +1 pair of boots
Stlth   ..........              (no amulet)
HPRegen 0.08/turn               (no ring)
MPRegen 0.08/turn               (no ring)

@: slowed, very slow
A: hooves 1
a: no special abilities


You were on level 2 of the Dungeon.
You visited 1 branch of the dungeon, and saw 2 of its levels.

You collected 64 gold pieces.

Inventory:

Hand Weapons
 a - a +0 long sword (weapon)
Armour
 b - a +0 scale mail (worn)
 c - a +0 buckler (worn)
 i - a +1 pair of boots (worn)
Scrolls
 j - a scroll of blinking
Potions
 d - a potion of might
 e - a potion of ambrosia


   Skills:
 + Level 3.2 Fighting
 + Level 2.0 Long Blades
 + Level 2.9 Armour
 + Level 0.6 Dodging
 + Level 2.9 Shields


You had one spell level left.
You didn't know any spells.
Your spell library was empty.

Dungeon Overview and Level Annotations

Branches:
Dungeon (2/15)

Altars:

Annotations:
D:2 Natasha, Robin


Innate Abilities, Weirdness & Mutations

You have large cloven feet.


Message History

You closely miss the jackal. You block the jackal's attack.
The jackal bites you but does no damage. x2
The jackal barely misses you.
Found 8 gold pieces.
You slash the jackal!
You kill the jackal!
The jackal bites you but does no damage.
You barely miss the jackal.
The jackal bites you but does no damage.
You block the jackal's attack.
You closely miss the jackal.
The jackal bites you but does no damage.
The jackal barely misses you.
You closely miss the jackal. You block the jackal's attack.
The jackal bites you but does no damage.
You hit the jackal.
You kill the jackal!
Natasha closely misses you.
You hit Natasha.
Natasha is heavily wounded.
Natasha claws you!
You barely miss Natasha.
Natasha is heavily wounded.
Natasha closely misses you.
You hit Natasha.
Natasha is severely wounded.
Natasha casts a spell at you. The magic dart hits you! Natasha claws you.
* * * LOW HITPOINT WARNING * * *
You completely miss Natasha.
Natasha is severely wounded.
You block Natasha's attack.
You hit Natasha.
Natasha is almost dead.
Natasha stares at you and mumbles some strange words.
You feel yourself slow down.
You closely miss Natasha.
Natasha is almost dead.
Natasha claws you.
You die...

. .# #> $# #.##
.# #... .# .
#..# .# ..
.###... .##P♣P
.......###....P♣
.8.⌠.8.hh@..#
.......h###.#
.⌠._.⌠... #
.......J..
.8.⌠.8.##..
....... ...
####... ....
.... .#..


You could see Natasha and 2 jackals.

Vanquished Creatures
  An endoplasm (D:1)
  2 goblins (D:1)
  3 hobgoblins (D:1)
  2 jackals (D:2)
  A quokka (D:1)
  2 bats (D:1)
  A frilled lizard (D:1)
  5 kobolds (D:1)
  3 rats (D:1)
20 creatures vanquished.

Vanquished Creatures (others)
  A plant (D:2)
1 creature vanquished.

Grand Total: 21 creatures vanquished

Notes
Turn   | Place    | Note
-------+----------+-------------------------------------------
     0 | D:1      | GorkyZ the Demonspawn Fighter began the quest for the Orb.
     0 | D:1      | Reached XP level 1. HP: 18/18 MP: 1/1
   278 | D:1      | Gained mutation: You have large cloven feet. [demonic
                  | ancestry]
   278 | D:1      | Reached XP level 2. HP: 23/24 MP: 2/2
   686 | D:2      | Noticed Robin
   712 | D:2      | Noticed Natasha
   712 | D:2      | Found a faded altar of an unknown god.
   726 | D:2      | Slain by Natasha

Illustrated notes

Levels and vault maps discovered:
D:1:      wander_arrival_lonely_grave, layout_loops_ring,
          palyth_stone_intersect, minmay_tetromino_t2
D:2:      minmay_chambers_of_twos, layout_rooms, serial_shops,
          nicolae_shop_bloodbath_and_beyond,
          hellmonk_ecumenical_altar_dog_temple, serial_forest,
          infiniplex_forest_split, infiniplex_forest_join,
          infiniplex_forest_lined_room_3, infiniplex_forest_clump_small,
          infiniplex_forest_straight_3, infiniplex_forest_clump_C, uniq_natasha,
          uniq_robin

Skill      XL: |  1  2 |
---------------+-------+-----
Long Blades    | 2 |  2.0
Fighting       | |  3.2
Armour         | |  2.9
Dodging        | |  0.6
Shields        | |  2.9

Action                   || total
-------------------------++-------
Melee: Long sword        ||    62
  Use: Scroll            ||     3
       Potion            ||     2
Armor: Scale mail        ||    37
Dodge: Dodged            ||    32
Block: Buckler           ||    18
